 Dungeon Crawl Stone Soup version 0.30-a0-800-g7c544603b3 (webtiles) character file.

Game seed: 79482918259820808

1504 avis the Chiller (level 8, -2/60 (66) HPs)
             Began as a Demigod Ice Elementalist on Feb 21, 2023.
             Slain by a wight
             ... wielding a +4 spear
              (9 damage)
             ... on level 6 of the Dungeon on Feb 23, 2023.
             The game lasted 00:37:48 (6816 turns).

avis the Chiller (Demigod Ice Elementalist)         Turns: 6816, Time: 00:37:48

HP:   -2/60 (66)    AC: 13    Str:  9    XL:     8   Next: 27%
MP:   18/24         EV: 14    Int: 17    God:
Gold: 10            SH:  0    Dex: 22    Spells: 6/13 levels left

rFire   . . .      SeeInvis .    b - +0 shortbow
rCold   . . .      Faith    .    (shield currently unavailable)
rNeg    . . .      Spirit   .    r - +2 robe "Guguke Celo" {rPois MP+9}
rPois   +          Reflect  .    p - +0 helmet
rElec   .          Harm     .    F - +0 cloak
rCorr   .          Rampage  .    (no gloves)
Will    .....                    e - +0 pair of boots
Stlth   +++                      (no amulet)
HPRegen 0.30/turn                (no ring)
MPRegen 0.19/turn                (no ring)

@: ice-armoured, marked, freezing walls, drained
A: high MP 1, forlorn, divine attributes
a: no special abilities


You were on level 6 of the Dungeon.
You visited 1 branch of the dungeon, and saw 6 of its levels.

You collected 238 gold pieces.
You spent 228 gold pieces at shops.

Inventory:

Hand Weapons
 a - a +1 great sword of electrocution
 b - a +0 shortbow (weapon)
 g - a +0 dagger
 k - a +0 short sword
 n - a +2 scimitar
 w - a +0 heavy flail
 z - a +0 sling
 D - a +4 long sword of freezing
 E - a +3 quarterstaff of chaos
Missiles
 u - 13 poisoned darts
Armour
 e - a +0 pair of boots (worn)
 p - a +0 helmet (worn)
 r - the +2 robe "Guguke Celo" (worn) {rPois MP+9}
   (You found it on level 3 of the Dungeon)

   rPois:     It protects you from poison.
   MP:        It affects your magic capacity (+9).
 A - a +2 kite shield
 F - a +0 cloak (worn)
Scrolls
 j - 2 scrolls of enchant weapon {unknown}
 m - 2 scrolls of fog {unknown}
 s - 3 scrolls of teleportation {unknown}
 v - 2 scrolls of noise {unknown}
 x - a scroll of immolation {unknown}
 y - a scroll of summoning {unknown}
 B - a scroll of blinking {unknown}
Potions
 d - 2 potions of brilliance
 f - a potion of cancellation
 h - 3 potions of mutation
 i - a potion of berserk rage
 l - a potion of magic
 o - 3 potions of lignification
 q - a potion of heal wounds
 t - a potion of curing


   Skills:
 * Level 3.8 Fighting
 - Level 6.0 Ranged Weapons
 - Level 3.0 Dodging
 - Level 3.0 Stealth
 - Level 3.0 Spellcasting
 - Level 6.0 Ice Magic


You had 6 spell levels left.
You knew the following spells:

 Your Spells              Type           Power      Damage    Failure   Level
a - Freeze                Ice            88%        1d9       1%          1
o - Ozocubu's Armour      Ice            22%        N/A       4%          3
r - Frozen Ramparts       Ice            44%        1d7       4%          3

Your spell library contained the following spells:

 Spells                   Type           Power      Damage    Failure   Level
 Shock                    Conj/Air       8%         1d3       17%         1
 Sting                    Tmut/Pois      8%         1d3       17%         1
 Poisonous Vapours        Pois/Air       4%         N/A       26%         2
 Dazzling Flash           Conj/Hex       4%         N/A       45%         3
 Swiftness                Air            2%         N/A       45%         3
 Summon Ice Beast         Ice/Summ       12%        N/A       45%         4
 Airstrike                Air            1%         2d(1-17)  86%         4
 Olgreb's Toxic Radiance  Pois           2%         N/A       86%         4
 Agony                    Necr           2%         N/A       99%         5
 Silence                  Hex/Air        1%         N/A       99%         5


Dungeon Overview and Level Annotations

Branches:
Dungeon (6/15)
 Temple: D:4-7

Shops:
D:1 (   D:3 ?


Innate Abilities, Weirdness & Mutations

You have an increased reservoir of magic. (+10% MP)
You shall have no god before yourself.
Your divine heritage dramatically boosts your attributes as you level up.


Message History

The wight barely misses you.
The wall freezes the wight but does no damage.
The wight hits you from afar with a +1 halberd!
You feel drained.
The wall freezes the wight but does no damage.
The wight misses you.
The wight resists.
The wall freezes the wight.
The wight barely misses you.
Fire: b) +0 shortbow
Press: ? - help, Q - select action, (/) - cycle Shift-Dir - straight line, f/p - wight
Aim: a wight, wielding a +5 great sword and wearing a +0 robe (almost destroyed, 67% to hit)
You shoot an arrow.
The arrow hits the wight but does no damage.
The wight is almost destroyed.
The wall freezes the wight but does no damage.
The wight closely misses you.
The wight completely resists.
The wall freezes the wight but does no damage.
The wight hits you from afar with a +1 halberd!
You feel drained.
The wight completely resists.
The wall freezes the wight but does no damage.
The wight hits you with a +2 scimitar!
The wight completely resists.
The wall freezes the wight but does no damage.
The wight closely misses you.
The wall freezes the wight but does no damage.
The wight hits you from afar with a +4 spear.
Okay, then.
Your icy armour and frozen ramparts will break if you move.
Continue?
The wall freezes the wight but does no damage.
The wight hits you with a +2 scimitar!
* * * LOW HITPOINT WARNING * * *
You feel drained.
* * * LOW HITPOINT WARNING * * *
The wight completely resists.
The wall freezes the wight but does no damage.
The wight closely misses you.
The wight completely resists.
The wall freezes the wight but does no damage.
The wight hits you with a +5 great sword.
* * * LOW HITPOINT WARNING * * *
The wall freezes the wight but does no damage.
The wight hits you from afar with a +4 spear!
You die...

*,* *,*#.#####........ *,*
#.##.# #.####### *,* #.##.#
#.# *,* #.##.# #.# *,* #.##.#
#.# *,* #.##.## #.#
#.#####.##..####.#*
#......†z......,,,**
#......@z..#******,** *
##.####†#z#..~~~,,*,** *
**,** #.z*..~,.,~,,*,***
******,,,**#.#z,.~._,~,,,*,**
*,,,,,,,,,,.>.#.,~..,~,,*,***
*,****,,,**#)#,#.,~~~,,*,** *
*,* **,** #.#*,##*#***,,****
*,* *,* #.#**,,,,,,,,,,,,*
*,* *,* *,* ***,**,,,,**,*


You could see 5 wights.

Vanquished Creatures
  Menkaure (D:5)
  2 black bears
  An ogre (D:5)
  A centaur (D:5)
  A phantom (D:5)
  2 scorpions (D:5)
  3 wights (D:4)
  A howler monkey (D:6)
  A human zombie (D:4)
  Crazy Yiuf (D:2)
  3 hounds
  2 jellies
  5 iguanas
  2 scorpion zombies (D:4)
  A hound zombie (D:4)
  A mummy (D:4)
  3 gnolls (D:4)
  Robin (D:2)
  9 adders
  An ufetubus (D:6)
  3 adder zombies (D:4)
  2 worms (D:4)
  A dart slug (D:3)
  8 orcs
  7 ball pythons
  2 endoplasms
  2 giant cockroaches (D:2)
  16 goblins
  9 hobgoblins
  9 jackals
  6 quokkas
  6 bats
  8 kobolds
  A quokka zombie (D:4)
  2 rats
124 creatures vanquished.

Notes
Turn   | Place    | Note
-------+----------+-------------------------------------------
     0 | D:1      | avis the Demigod Ice Elementalist began the quest for the
                  | Orb.
     0 | D:1      | Reached XP level 1. HP: 14/14 MP: 5/5
   408 | D:1      | Found Janwiel's Antique Weapon Boutique.
   539 | D:1      | Reached XP level 2. HP: 20/20 MP: 5/7
  1925 | D:2      | Found a runed translucent door.
  1926 | D:2      | Noticed Crazy Yiuf
  1947 | D:2      | Noticed Robin
  1963 | D:2      | Reached XP level 3. HP: 10/26 MP: 9/9
  1967 | D:2      | Killed Robin
  2296 | D:3      | Learned a level 3 spell: Frozen Ramparts
  2300 | D:3      | Learned a level 3 spell: Ozocubu's Armour
  2413 | D:3      | Reached XP level 4. HP: 29/33 MP: 7/10
  2618 | D:3      | Identified the +2 robe "Guguke Celo" {rPois MP+9}
  2894 | D:3      | Found The Oracle's Delphic Readings.
  2936 | D:3      | Reached skill level 5 in Ice Magic
  2982 | D:4      | Noticed a black bear
  3202 | D:4      | Reached XP level 5. HP: 11/38 MP: 12/12
  3610 | D:4      | Reached skill level 1 in Fighting
  3610 | D:4      | Reached XP level 6. HP: 45/47 MP: 13/13
  3680 | D:4      | Reached skill level 1 in Ranged Weapons
  4687 | D:5      | Entered Level 5 of the Dungeon
  4845 | D:5      | Reached XP level 7. HP: 44/55 MP: 14/14
  5188 | D:5      | Reached skill level 5 in Ranged Weapons
  5298 | D:5      | Noticed Menkaure
  5310 | D:5      | Killed Menkaure
  5821 | D:5      | Reached XP level 8. HP: 63/63 MP: 15/15
  6338 | D:1      | Bought a runed great sword for 228 gold pieces
  6416 | D:2      | Killed Crazy Yiuf
  6816 | D:6      | Slain by a wight

Illustrated notes

Levels and vault maps discovered:
D:1:      dpeg_arrival_circle_labyrinth_a, layout_loops_corners, serial_shops,
          nicolae_shop_waterfront
D:2:      layout_loops_ring, uniq_robin, uniq_crazy_yiuf_cottage
D:3:      layout_basic, lemuel_round_altar,
          shapermc_ecumenical_altar_mp_vishouse, nicolae_nh_oracle_at_delphi
D:4:      layout_gridville, dreamdust_divine_triumvirate,
          lemuel_mausoleum_altar_kikubaaqudgha, minmay_statues_item
D:5:      layout_basic, nicolae_overflow_crystal_walls, bloody_makhleb,
          mainiacjoe_overflow_alcove_4,
          mainiacjoe_overflow_concentric_impassable,
          hangedman_decor_peaks_small, uniq_menkaure
D:6:      layout_loops_ring, nicolae_ru_awakened_eye,
          gammafunk_temple_overflow_wave, kennysheep_generic_room_9

Skill      XL: |  1  2  3  4  5  6  7  8 |
---------------+-------------------------+-----
Ice Magic      | 4 5 6 |  6.0
Spellcasting   | 2 3 |  3.0
Fighting       | 1 2 3 |  3.8
Ranged Weapons | 3 6 |  6.0
Dodging        | 2 3 |  3.0
Stealth        | 2 3 |  3.0

Action                     |  1- 3 |  4- 6 |  7- 9 || total
---------------------------+-------+-------+-------++-------
  Melee: Dagger            |     5 |       |       ||     5
         Long sword        |       |    79 |    11 ||    90
         Punch             |       |     1 |       ||     1
         Great sword       |       |       |     2 ||     2
   Fire: Sling             |    31 |    95 |     6 ||   132
         Shortbow          |       |       |    85 ||    85
   Cast: Freeze            |    44 |     9 |       ||    53
         Ozocubu's Armour  |       |    19 |    15 ||    34
         Frozen Ramparts   |       |     6 |    17 ||    23
  Evoke: Wand              |       |       |     1 ||     1
    Use: Scroll            |       |     4 |     4 ||     8
   Stab: Sleeping          |     3 |       |       ||     3
 Armour: Robe              |     1 |    56 |    11 ||    68
  Dodge: Dodged            |    28 |    92 |    38 ||   158

Table legend: (Time is in decaauts)
 A = Elapsed time spent in this place.
 B = Non-inter-level travel time spent in this place.
 C = Inter-level travel time spent in this place.
 D = Time resting spent in this place.
 E = Time spent auto-exploring this place.
 F = Levels seen in this place.
 G = Mean time per level.
                   A        B        C        D        E       F      G
               +--------+--------+--------+--------+--------+-----+--------+
         Total |   6910 |   6015 |    895 |   1485 |   3120 |   6 | 1151.7 |
       Dungeon |   6910 |   6015 |    895 |   1485 |   3120 |   6 | 1151.7 |
               +--------+--------+--------+--------+--------+-----+--------+

Top non-repeatable levels by time:
     D:4: 1741 daAuts
     D:5: 1612 daAuts
     D:1: 1385 daAuts
     D:2: 1042 daAuts
     D:3: 917 daAuts
     D:6: 211 daAuts
